 Dungeon Crawl Stone Soup version 0.28.0-1-gb440e238dd (webtiles) character file.

Game seed: 9335157156735292891

1610 comborobin the Martial Artist (level 9, -10/59 HPs)
             Began as a Djinni Warper on Feb 22, 2022.
             Was an Initiate of Cheibriados.
             Mangled by a wyvern (13 damage)
             ... on level 7 of the Dungeon.
             The game lasted 00:07:51 (7617 turns).

comborobin the Martial Artist (Djinni Warper)       Turns: 7617, Time: 00:07:51

Health: -10/59     AC:  7    Str: 11    XL:     9   Next: 16%
Gold:   251        EV: 12    Int: 26    God:    Cheibriados [......] SH:  0 Dex: 14

rFire   + + +      SeeInvis .     - Unarmed
rCold   x . .      Faith    .   (no shield)
rNeg    . . .      Spirit   .   k - +2 robe {rF+}
rPois   ∞          Reflect  .   o - +0 helmet
rElec   .          Harm     .   s - +1 cloak
rCorr   .          Rampage  .   (no gloves)
Will    .....                   (boots unavailable)
Stlth   +.........              (no amulet)
HPRegen 0.19/turn               n - ring of Qiass {rF+ MP+9 Int+6}
MPRegen 0.00/turn               (no ring)

@: flying, very slow
A: sickness immunity, fire resistance 2, cold vulnerability 1, float, innate
caster, HP casting, extra vitality 1
a: Renounce Religion


You were on level 7 of the Dungeon.
You worshipped Cheibriados.
Cheibriados was noncommittal.
You visited 2 branches of the dungeon, and saw 8 of its levels.

You collected 276 gold pieces.
You spent 25 gold pieces at shops.

Inventory:

Hand Weapons
 b - a +2 longbow
Missiles
 c - 3 boomerangs of dispersal (quivered)
 q - 38 arrows
Armour
 a - a +0 leather armour
 j - a +0 robe
 k - a +2 robe of fire resistance (worn)
 m - an orb of guile
 o - a +0 helmet (worn)
 s - a +1 cloak (worn)
 u - +0 fire dragon scales
Jewellery
 n - the ring of Qiass (left hand) {rF+ MP+9 Int+6}
   (You found it on level 3 of the Dungeon)

   [ring of intelligence]

   Int:       It affects your intelligence (+6).
   rF:        It protects you from fire.
   MP:        It affects your magic capacity (+9).
Wands
 e - a wand of digging (9)
 f - a wand of paralysis (6)
Scrolls
 g - 3 scrolls of identify
 h - 2 scrolls of teleportation
 i - a scroll of noise {unknown}
 r - 2 scrolls of enchant weapon
 w - a scroll of fog {unknown}
Potions
 l - a potion of mutation
 p - 3 potions of brilliance
 t - 2 potions of invisibility {unknown}
 v - a potion of curing {unknown}


   Skills:
 + Level 2.4 Fighting
 - Level 0.7 Throwing
 - Level 1.0 Armour
 - Level 2.1 Dodging
 + Level 8.3 Unarmed Combat
 - Level 6.0 Spellcasting
 + Level 1.1 Invocations


You couldn't memorise any spells.
You knew the following spells:

 Your Spells              Type           Power      Damage    Failure   Level
a - Lesser Beckoning      Tloc           39%        N/A       1%          3
b - Blink                 Tloc           78%        N/A       1%          2
c - Gell's Gravitas       Tloc           39%        N/A       1%          3
d - Teleport Other        Tloc           39%        N/A       1%          3
e - Manifold Assault      Tloc           39%        N/A       16%         5
f - Pain                  Necr           100%       1d9       1%          1
g - Scorch                Fire           78%        2d9       1%          2
h - Call Imp              Summ           39%        N/A       1%          2
i - Animate Armour        Summ/Erth      78%        N/A       6%          4
Your spell library was empty.

Dungeon Overview and Level Annotations

Branches:
Dungeon (7/15)             Temple (1/1) D:6

Altars:
Ashenzari
Cheibriados
Dithmenos
Elyvilon
Fedhas
Gozag
Kikubaaqudgha
Makhleb
Nemelex Xobeh
Okawaru
Qazlal
Ru
Trog
Uskayaw
Vehumet
Wu Jian
Yredelemnul
Zin
The Shining One

Shops:
D:4 *

Annotations:
D:4 2 transporters, Icepheonix32's ghost, weakling DsDe


Innate Abilities, Weirdness & Mutations

You are immune to sickness and miasma.
You are immune to poison.
Your flesh is very heat resistant. (rF++)
You are vulnerable to cold. (rC-)
You float through the air rather than walking.
You learn spells naturally, not from books.
Your magical power is your life essence.
You have superior vitality. (+4 MHP)


Message History

The wyvern bites you but does no damage.
Casting: Scorch (safe; 1% risk of failure)
Confirm with . or Enter, or press ? or * to list all spells.
Flames lash the wyvern.
The wyvern is moderately wounded.
The wyvern's fire resistance burns away.
The wyvern bites you!
Casting: Scorch (safe; 1% risk of failure)
Confirm with . or Enter, or press ? or * to list all spells.
Flames lash the centaur.
The centaur is moderately wounded.
The centaur's fire resistance burns away.
The wyvern misses you. The wyvern bites you!
Casting: Scorch (safe; 1% risk of failure)
Confirm with . or Enter, or press ? or * to list all spells.
Flames lash the centaur.
The centaur is burned terribly!
The centaur is severely wounded.
The wyvern bites you.
Casting: Scorch (safe; 1% risk of failure)
Confirm with . or Enter, or press ? or * to list all spells.
Flames lash the wyvern.
The wyvern is burned terribly!
The wyvern is almost dead.
* * * LOW HITPOINT WARNING * * *
The wyvern bites you but does no damage. x2
Casting: Scorch (safe; 1% risk of failure)
Confirm with . or Enter, or press ? or * to list all spells.
Flames lash the centaur.
The centaur is burned terribly!
You kill the centaur!
Cheibriados thoroughly appreciates the change of pace.
* * * LOW HITPOINT WARNING * * *
The wyvern bites you!
* * * LOW HITPOINT WARNING * * *
Your Invocations skill increases to level 1!
Casting: Scorch (safe; 1% risk of failure)
Confirm with . or Enter, or press ? or * to list all spells.
Flames lash the wyvern.
The wyvern is burned terribly!
The wyvern is almost dead.
* * * LOW HITPOINT WARNING * * *
The wyvern bites you!
You die...

#§##
##.###
##..##
##§.#
#..##
##..#
##..##
##l)##
##@###
##.##
#..#
#<##
#..#
##...
####


You could see a wyvern (combustible).

Vanquished Creatures
  Grinder (D:4)
  A water moccasin (D:5)
  An ice beast (D:6)
  A sky beast (D:5)
  A black bear (D:4)
  An ogre (D:5)
  2 centaurs
  3 scorpions
  A howler monkey (D:5)
  2 hounds
  A gnoll shaman (D:5)
  A centaur skeleton (D:6)
  A jelly (D:5)
  Jessica (D:2)
  3 iguanas
  6 orc wizards
  A hound skeleton (D:5)
  4 gnolls (D:5)
  5 adders
  An adder skeleton (D:4)
  2 worms
  4 dart slugs
  18 orcs
  3 ball pythons
  2 bats
  2 giant cockroaches
  6 hobgoblins
  5 kobolds
  6 quokkas
  6 frilled lizards
  5 rats
97 creatures vanquished.

Notes
Turn   | Place    | Note
-------+----------+-------------------------------------------
     0 | D:1      | comborobin the Djinni Warper began the quest for the Orb.
     0 | D:1      | Reached XP level 1. HP: 18/18 MP: 0/0
   261 | D:1      | Reached XP level 2. HP: 23/23 MP: 0/0
   934 | D:1      | Reached skill level 3 in Unarmed Combat
  1270 | D:2      | Reached XP level 3. HP: 23/28 MP: 0/0
  1270 | D:2      | Learned a level 1 spell: Pain
  1593 | D:2      | Found a faded altar of an unknown god.
  1594 | D:2      | Noticed Jessica
  1605 | D:2      | Killed Jessica
  1606 | D:2      | Reached skill level 4 in Unarmed Combat
  1606 | D:2      | Reached XP level 4. HP: 28/33 MP: 0/0
  2233 | D:3      | Reached skill level 5 in Unarmed Combat
  2233 | D:3      | Reached XP level 5. HP: 38/38 MP: 0/0
  2233 | D:3      | Learned a level 2 spell: Scorch
  2451 | D:3      | Identified the ring of Qiass {rF+ MP+9 Int+6}
  3043 | D:4      | Noticed Grinder
  3052 | D:4      | Paralysed by Grinder for 2 turns
  3075 | D:3      | Reached XP level 6. HP: 17/43 MP: 0/0
  3722 | D:4      | Killed Grinder
  3723 | D:4      | Reached skill level 7 in Unarmed Combat
  3723 | D:4      | Reached XP level 7. HP: 22/49 MP: 0/0
  3723 | D:4      | Learned a level 2 spell: Call Imp
  3995 | D:4      | Found a transporter.
  4224 | D:4      | Found Qotanua's Assorted Antiques.
  4230 | D:4      | Bought a scroll labelled CIOMEAMOICS for 25 gold pieces
  4405 | D:4      | Found a transporter.
  4409 | D:4      | Noticed Icepheonix32's ghost (weakling DsDe)
  4410 | D:4      | Identified the +1 dire flail of the Puffball {distort,
                  | *Corrode Str+3 Stlth+}
  4598 | D:5      | Entered Level 5 of the Dungeon
  4644 | D:4      | Reached skill level 8 in Unarmed Combat
  4843 | D:5      | Reached XP level 8. HP: 33/54 MP: 0/0
  5503 | D:5      | Found a bloodstained altar of Trog.
  5776 | D:6      | Reached skill level 5 in Spellcasting
  6080 | D:6      | Found a staircase to the Ecumenical Temple.
  6244 | D:6      | Found an iron altar of Okawaru.
  6357 | Temple   | Entered the Ecumenical Temple
  6572 | Temple   | Became a worshipper of Cheibriados the Contemplative
  6618 | D:6      | Reached XP level 9. HP: 52/58 MP: 0/0
  6618 | D:6      | Learned a level 4 spell: Animate Armour
  7016 | D:7      | HP: 2/58 [centaur/arrow (7)]
  7617 | D:7      | Reached skill level 1 in Invocations
  7617 | D:7      | Mangled by a wyvern

Illustrated notes

Levels and vault maps discovered:
D:1:      heliophobic_arrival_ceremonial_halls, layout_basic
D:2:      layout_loops_ring, dreamdust_ecumenical_altar_angels_and_demons,
          uniq_jessica
D:3:      layout_basic, minivault_26
D:4:      layout_basic, serial_shops, kennysheep_little_box,
          gammafunk_ghost_smash, minmay_quantized, uniq_grinder
D:5:      layout_cave_pools, trog_butcher_becter
D:6:      layout_basic, vehumet_crystals, nicolae_overflow_crystal_walls,
          minmay_temple_entry_junction_2
D:7:      layout_layer_cave, nicolae_hepliaklqana_hazy_memory
Temple:   eino_temple_rhombus

Skill      XL: |  1  2  3  4  5  6  7  8  9 |
---------------+----------------------------+-----
Unarmed Combat | 3 4 5 7 8 |  8.3
Spellcasting   | 3 5 6 |  6.0
Invocations    | 1 |  1.1
Fighting       | |  2.4
Throwing       | |  0.7
Armour         | |  1.0
Dodging        | |  2.1

Action                   |  1- 3 |  4- 6 |  7- 9 || total
-------------------------+-------+-------+-------++-------
Melee: Unarmed           |    88 |    68 |    45 ||   201
       Punch             |     1 |     1 |     1 ||     3
 Fire: Longbow           |       |       |     9 ||     9
Throw: Boomerang         |     2 |       |       ||     2
 Cast: Scorch            |       |    24 |    84 ||   108
       Blink             |       |       |     1 ||     1
  Use: Scroll            |     2 |     1 |     7 ||    10
       Potion            |       |     2 |     1 ||     3
 Stab: Sleeping          |       |     1 |       ||     1
Armor: Leather armour    |     7 |       |       ||     7
       Robe              |     9 |    16 |    34 ||    59
       Skin              |       |     6 |       ||     6
Dodge: Dodged            |    42 |    43 |    58 ||   143
